 Dungeon Crawl Stone Soup version 0.27-b1-23-g44b8eac545 (webtiles) character file.

Game seed: 10163331851475400483

71514 Urokeeper the Severer (level 14, -2/133 HPs)
             Began as a Deep Dwarf Fighter on July 26, 2021.
             Was a Priest of Trog.
             Shot with an arrow by a deep elf archer (5 damage)
             ... on level 2 of the Elven Halls on July 27, 2021.
             The game lasted 02:47:43 (16166 turns).

Urokeeper the Severer (Deep Dwarf Fighter)         Turns: 16166, Time: 02:47:44

Health: -2/133     AC: 30    Str: 30    XL:     14   Next: 98%
Magic:  0/0        EV:  9    Int: 10    God:    Trog [***...]
Gold:   680        SH: 14    Dex: 12    Spells: 13/13 levels left

rFire    . . .     SeeInvis .   y - +8 broad axe (freeze)
rCold    . . .     Faith    .   E - +0 kite shield {AC+3}
rNeg     + . .     Spirit   .   G - +4 plate armour {rPois}
rPois    +         Reflect  .   (no helmet)
rElec    .         Harm     .   l - +0 cloak
rCorr    .         Rampage  .   o - +0 pair of gloves
Will     ++++.                  (no boots)
Stlth    ..........             (no amulet)
HPRegen  1.00/turn              n - +4 ring of protection
MPRegen  0.07/turn              X - +6 ring of strength

@: about to teleport, strong-willed, on berserk cooldown, regenerating, slowed,
very slow
A: damage resistance, heal wounds, negative energy resistance 1, sense
surroundings 2, no regeneration
a: Heal Wounds, Renounce Religion, Berserk, Trog's Hand


You were on level 2 of the Elven Halls.
You worshipped Trog.
Trog was most pleased with you.
You visited 4 branches of the dungeon, and saw 20 of its levels.

You collected 1508 gold pieces.
You spent 828 gold pieces at shops.

Inventory:

Hand Weapons
 a - a +0 war axe
 p - a +0 hunting sling
 y - a +8 broad axe of freezing (weapon)
 A - a +1 trident of flaming
 B - a +1 great mace
 D - a +0 shortbow
 K - a +3 whip
 P - the +7 battleaxe of the Endless Expanse {vorpal, rC+ Int-2 Dex+7}
   (You acquired it on level 8 of the Dungeon)

   It inflicts extra damage upon your enemies.
   Int:       It affects your intelligence (-2).
   Dex:       It affects your dexterity (+7).
   rC:        It protects you from cold.
 T - a +3 shortbow of flaming
Missiles
 r - 477 arrows
 s - 122 bolts
 w - 24 boomerangs (quivered)
 R - 4 curare-tipped darts
 Y - 6 silver boomerangs
Armour
 b - a +0 scale mail
 c - a +0 kite shield
 j - the +1 leather armour of Poor Excuses {rF+ Int+2}
   (You found it on level 14 of the Dungeon)

   Int:       It affects your intelligence (+2).
   rF:        It protects you from fire.
 l - a +0 cloak (worn)
 o - a +0 pair of gloves (worn)
 u - a +3 ring mail
 E - a +0 kite shield of protection (worn)
 G - a +4 plate armour of poison resistance (worn)
 S - the +1 plate armour of Xom's Generosity {rElec SInv}
   (You found it on level 10 of the Dungeon)

   rElec:     It insulates you from electricity.
   SInv:      It lets you see invisible.
Magical Staves
 x - a staff of conjuration
Jewellery
 e - a ring of resist corrosion
 n - a +4 ring of protection (left hand)
 I - a ring of flight
 W - a ring of see invisible
 X - a +6 ring of strength (right hand)
Wands
 H - a wand of charming (9)
 L - a wand of mindburst (15)
 M - a wand of paralysis (24)
 N - a wand of flame (13)
 Q - a wand of digging (9)
Scrolls
 f - 5 scrolls of noise
 h - 4 scrolls of amnesia
 k - 2 scrolls of identify
 m - 2 scrolls of magic mapping
 t - 3 scrolls of vulnerability
 Z - a scroll of teleportation
Potions
 d - 2 potions of brilliance
 g - a potion of resistance
 i - 2 potions of degeneration
 q - a potion of haste
 v - 8 potions of lignification
 z - a potion of attraction
 F - a potion of magic
 J - a potion of flight
 U - a potion of mutation {unknown}
Miscellaneous
 C - a tin of tremorstones (1/2)
 O - a phantom mirror
 V - a phantom mirror


   Skills:
 + Level 10.6 Fighting
 + Level 17.8 Axes
 + Level 1.4 Throwing
 + Level 13.0 Armour
 + Level 4.8 Dodging
 + Level 3.0 Stealth
 + Level 12.8 Shields
 + Level 3.0 Evocations


You had 13 spell levels left.
You didn't know any spells.
Your spell library contained the following spells:

 Spells                   Type           Power      Damage    Failure   Level
 Corona                   Hex            0%         N/A       97%         1
 Summon Small Mammal      Summ           0%         N/A       97%         1
 Ensorcelled Hibernation  Hex/Ice        0%         N/A       99%         2
 Passwall                 Tmut/Erth      0%         N/A       99%         2
 Call Canine Familiar     Summ           0%         N/A       100%        3
 Summon Guardian Golem    Hex/Summ       0%         N/A       100%        3
 Swiftness                Air            0%         N/A       100%        3
 Tukima's Dance           Hex            0%         N/A       100%        3
 Leda's Liquefaction      Hex/Erth       0%         N/A       100%        4
 Bolt of Magma            Conj/Fire/Erth 0%         4d4       100%        5
 Freezing Cloud           Conj/Ice/Air   0%         6-21      100%        5
 Invisibility             Hex            0%         N/A       100%        6
 Simulacrum               Ice/Necr       0%         N/A       100%        6
 Statue Form              Tmut/Erth      0%         N/A       100%        6
 Orb of Destruction       Conj           0%         N/A       100%        7
 Spellforged Servitor     Conj/Summ      0%         N/A       100%        7
 Polar Vortex             Ice            0%         N/A       100%        9


Dungeon Overview and Level Annotations

Branches:
Dungeon (15/15)            Temple (0/1) D:4            Lair (0/6) D:8
    Orc (2/2) D:12            Elf (1/3) Orc:2        Vaults (0/5) D:13
 Depths (1/5) D:15

Altars:
Cheibriados
Kikubaaqudgha
Ru
Trog
Vehumet
Wu Jian

Shops:
D:4 !   D:9 *??:*   D:12 ??[[(   D:13 [   Orc:2 **?:[

Annotations:
D:9 2 runed translucent doors
D:14 exclusion: 2 ice statues


Innate Abilities, Weirdness & Mutations

You are resistant to damage.
You can heal yourself by infusing magical energy.
You resist negative energy. (rN+)
You passively map the area around you.
You do not regenerate.


Message History

The deep elf pyromancer hits you with a +0 great sword.
A deep elf archer comes into view. It is wielding a +0 short sword.
The deep elf archer shouts!
You block the deep elf pyromancer's attack.
The deep elf archer unwields a +0 dagger.
The deep elf archer wields a +0 longbow.
The deep elf archer shoots an arrow.
You block the arrow.
The deep elf pyromancer hits you with a +0 great sword.
The deep elf zephyrmancer hits you but does no damage.
The deep elf archer moves out of view.
Found a short sword.
Your skin crawls.
You feel strong-willed.
The deep elf archer shoots an arrow.
You block the arrow.
You block the deep elf pyromancer's attack.
The deep elf zephyrmancer hits you but does no damage.
The deep elf archer shoots an arrow.
The arrow hits you!!
You slash the deep elf pyromancer! You freeze the deep elf pyromancer.
You kill the deep elf pyromancer!
Trog accepts your kill.
Trog appreciates your killing of a magic user.
You closely miss the deep elf zephyrmancer.
You closely miss something.
The deep elf archer unwields a +0 short sword.
The deep elf archer wields a +0 longbow.
The deep elf archer shoots an arrow.
The arrow hits you!
You hear some strange, mumbled words.
A shard of ice appears from out of thin air!
The shard of ice hits you!!!
* * * LOW HITPOINT WARNING * * *
You block the deep elf zephyrmancer's attack.
The deep elf archer shoots an arrow.
The arrow hits you!
* * * LOW HITPOINT WARNING * * *
As you read the scroll of teleportation, it crumbles to dust.
You feel strangely unstable.
The deep elf archer gestures at you while chanting.
You resist with almost no effort. Something hits you but does no damage.
You block the deep elf zephyrmancer's attack.
The deep elf archer shoots an arrow.
The arrow hits you!
You die...

* , * * , , , ..##
#...# ,* ,, ,...# *
##...#+ ).... #..P..##
, ,* ee...* ##......+*
,*...>.. #..PPe.)# *
####/.....* ##.......##
##{).[..?..
#<.PP....!###'#@e.....#
#....)....##.##......##
#..PPP.....{{###+######
#........).e## *
#####'####e##...$..
#:,, , #.#.e...... , #.
,+##e....... . ,
#........ * ,,,,
#........


You could see 2 deep elf archers and a deep elf zephyrmancer.

Vanquished Creatures
  Josephine (D:11)
  8 vault guards (D:13)
  3 boulder beetles
  6 hydras
  A rakshasa (D:15)
  3 catoblepae
  2 dancing weapons (Elf:2)
  5 centaur warriors
  8 two-headed ogres
  3 tengu warriors
  Nergalle (Orc:1)
  3 orc high priests (Orc:2)
  5 skeletal warriors
  A glowing orange brain (D:15)
  6 orc knights
  2 deep elf archers
  2 deep elf zephyrmancers (Elf:1)
  8 deep elf pyromancers
  5 orc sorcerers
  24 ugly things
  A cyclops (D:11)
  A cyclops (shapeshifter) (D:15)
  2 gargoyles
  2 unseen horrors (D:11)
  A kobold demonologist (D:12)
  A tengu conjurer (D:15)
  A troll (Orc:1)
  2 hornets (D:8)
  6 slime creatures
  Sigmund (D:5)
  An air elemental (Elf:1)
  A vampire (D:13)
  5 wyverns
  20 yaks
  8 wraiths
  A fire elemental (Elf:2)
  A basilisk (D:12)
  7 vampire mosquitoes
  A warg (Orc:1)
  6 water moccasins
  22 orc warriors
  2 sky beasts (D:8)
  An ice beast (D:7)
  2 black bears
  3 ogres (Orc:2)
  A phantom (D:5)
  9 centaurs
  5 bullfrogs
  An earth elemental (Elf:1)
  A gnoll sergeant (D:8)
  3 scorpions
  19 killer bees
  3 wights (D:9)
  5 howler monkeys
  5 centaur zombies
  8 crimson imps (D:11)
  A jelly (D:8)
  A gnoll shaman (D:8)
  13 orc priests
  A bullfrog skeleton (D:4)
  3 hounds
  An iguana (D:5)
  26 orc wizards
  A hound skeleton (D:3)
  A howler monkey zombie (D:8)
  9 gnolls
  10 adders
  A white imp (D:11)
  An adder skeleton (D:5)
  2 worms (D:2)
  4 dart slugs
  56 orcs
  6 ball pythons
  3 bats
  7 endoplasms
  6 giant cockroaches
  4 goblins
  4 hobgoblins
  2 quokkas
  4 frilled lizards
  6 kobolds
  5 rats
  A plant (Elf:2)
435 creatures vanquished.

Vanquished Creatures (collateral kills)
  Nessos (D:14)
  A deep elf pyromancer (D:11)
2 creatures vanquished.

Vanquished Creatures (others)
  A wizard (D:13)
  2 fungi (D:8)
  34 plants
37 creatures vanquished.

Grand Total: 474 creatures vanquished

Notes
Turn   | Place    | Note
-------+----------+-------------------------------------------
     0 | D:1      | Urokeeper the Deep Dwarf Fighter began the quest for the
                  | Orb.
     0 | D:1      | Reached XP level 1. HP: 20/20 MP: 1/1
   232 | D:1      | Reached XP level 2. HP: 17/27 MP: 2/2
   772 | D:1      | Found a faded altar of an unknown god.
   881 | D:2      | Found a snail-covered altar of Cheibriados.
   898 | D:2      | Reached XP level 3. HP: 31/34 MP: 2/2
  1057 | D:2      | Reached skill level 3 in Axes
  1128 | D:2      | Reached XP level 4. HP: 40/42 MP: 2/2
  1753 | D:3      | Found a bloodstained altar of Trog.
  1758 | D:3      | Became a worshipper of Trog the Wrathful
  1933 | D:4      | Found an ancient bone altar of Kikubaaqudgha.
  1935 | D:4      | Found an ornate altar of the Wu Jian Council.
  2014 | D:4      | Found a staircase to the Ecumenical Temple.
  2113 | D:4      | Reached XP level 5. HP: 34/49 MP: 3/3
  2368 | D:4      | Reached skill level 1 in Throwing
  2707 | D:4      | Found Dokijoh's Distillery.
  2721 | D:4      | Bought a potion of heal wounds for 60 gold pieces
  2721 | D:4      | Bought a potion of heal wounds for 60 gold pieces
  2885 | D:5      | Entered Level 5 of the Dungeon
  2983 | D:5      | Noticed a phantom
  2994 | D:5      | Killed a phantom
  2995 | D:5      | Reached XP level 6. HP: 46/57 MP: 4/4
  3068 | D:5      | Reached skill level 4 in Axes
  3191 | D:5      | Noticed Sigmund
  3226 | D:5      | Killed Sigmund
  3227 | D:5      | Reached skill level 5 in Axes
  3227 | D:5      | Reached skill level 5 in Armour
  3227 | D:5      | Reached skill level 1 in Dodging
  3227 | D:5      | Reached XP level 7. HP: 44/64 MP: 4/4
  3470 | D:6      | Reached skill level 5 in Shields
  3810 | D:6      | Reached * piety under Trog
  3811 | D:6      | Reached XP level 8. HP: 61/73 MP: 5/5
  4132 | D:6      | Reached skill level 6 in Axes
  4675 | D:7      | Reached skill level 1 in Stealth
  4844 | D:7      | Identified a scroll of acquirement
  5009 | D:7      | Reached skill level 7 in Axes
  5515 | D:8      | Gained mutation: You passively map the area around you.
                  | [Deep Dwarf growth]
  5515 | D:8      | Reached XP level 9. HP: 42/79 MP: 5/5
  5627 | D:8      | Found a staircase to the Lair.
  5667 | D:8      | Reached skill level 8 in Axes
  5679 | D:8      | Reached ** piety under Trog
  5680 | D:8      | Reached skill level 5 in Fighting
  5702 | D:8      | Reached skill level 1 in Evocations
  5712 | D:8      | Reached skill level 9 in Axes
  5806 | D:8      | Found a radiant altar of Vehumet.
  5899 | D:8      | Reached XP level 10. HP: 65/88 MP: 3/3
  6219 | D:8      | Noticed an orc knight
  6224 | D:8      | Noticed a two-headed ogre
  6229 | D:8      | Reached skill level 10 in Axes
  6237 | D:8      | Killed a two-headed ogre
  6261 | D:8      | Killed an orc knight
  6301 | D:8      | Acquired the +7 battleaxe of the Endless Expanse {vorpal,
                  | rC+ Int-2 Dex+7}
  6543 | D:9      | Reached *** piety under Trog
  6665 | D:9      | Upgraded the game from 0.27-b1-16-g6517624069 to
                  | 0.27-b1-23-g44b8eac545
  6672 | D:9      | Found Keetoosch's Magic Scroll Shoppe.
  6675 | D:9      | Found Vator's General Store.
  6754 | D:9      | Bought a scroll of identify for 24 gold pieces
  6754 | D:9      | Bought a scroll of identify for 24 gold pieces
  6754 | D:9      | Bought a scroll of identify for 24 gold pieces
  6754 | D:9      | Bought a scroll of identify for 24 gold pieces
  6831 | D:9      | Found Muixt's Magic Scroll Shop.
  6884 | D:9      | Bought a scroll of identify for 20 gold pieces
  6884 | D:9      | Bought a scroll of identify for 20 gold pieces
  6884 | D:9      | Bought a scroll of identify for 20 gold pieces
  6884 | D:9      | Bought a scroll of identify for 20 gold pieces
  6884 | D:9      | Bought a scroll of identify for 20 gold pieces
  6929 | D:9      | Reached XP level 11. HP: 49/97 MP: 1/1
  6933 | D:9      | Reached skill level 11 in Axes
  7015 | D:9      | Found Uxzyis's Assorted Antiques.
  7018 | D:9      | Found Uciviel's Book Shoppe.
  7035 | D:9      | Bought a potion of heal wounds for 135 gold pieces
  7060 | D:9      | Noticed a two-headed ogre
  7061 | D:9      | Reached **** piety under Trog
  7070 | D:9      | Killed a two-headed ogre
  7299 | D:9      | Noticed a two-headed ogre
  7328 | D:9      | Killed a two-headed ogre
  7329 | D:9      | Reached skill level 12 in Axes
  7492 | D:9      | Found a runed translucent gate.
  7492 | D:9      | Found a runed translucent gate.
  7494 | D:9      | Noticed a purple ugly thing
  7578 | D:10     | Entered Level 10 of the Dungeon
  7630 | D:10     | Identified the +1 plate armour of Xom's Generosity {rElec
                  | SInv}
  7695 | D:10     | Noticed a two-headed ogre
  7703 | D:10     | Killed a two-headed ogre
  7809 | D:10     | Reached skill level 10 in Armour
  7944 | D:10     | Acquired a +3 vorpal broad axe
  8256 | D:11     | Noticed a deep elf pyromancer
  8270 | D:11     | Killed a deep elf pyromancer
  8428 | D:11     | Noticed a two-headed ogre
  8435 | D:11     | Killed a two-headed ogre
  8495 | D:11     | Reached skill level 13 in Axes
  8649 | D:11     | Noticed Josephine
  8675 | D:11     | Killed Josephine
  8676 | D:11     | Reached XP level 12. HP: 109/109 MP: 1/1
  9329 | D:12     | Found a staircase to the Orcish Mines.
  9334 | D:12     | Reached skill level 10 in Shields
  9347 | D:12     | Found Qetubiz's Antique Armour Boutique.
  9348 | D:12     | Noticed a boulder beetle
  9348 | D:12     | Noticed a centaur warrior
  9359 | D:12     | Killed a centaur warrior
  9369 | D:12     | Killed a boulder beetle
  9370 | D:12     | Reached skill level 14 in Axes
  9466 | D:12     | Found Vacunur's Magic Scroll Boutique.
  9467 | D:12     | Found Zagajuir's Magic Scroll Boutique.
  9477 | D:12     | Bought a scroll of enchant armour for 112 gold pieces
  9477 | D:12     | Bought a scroll of identify for 30 gold pieces
  9477 | D:12     | Bought a scroll of identify for 30 gold pieces
  9477 | D:12     | Bought a scroll of identify for 30 gold pieces
  9762 | D:12     | Found Newkeof's Weapon Emporium.
  9804 | D:12     | Found Beerghodgh's Antique Armour Boutique.
 10184 | D:14     | Noticed a centaur warrior
 10196 | D:14     | Killed a centaur warrior
 10197 | D:14     | Noticed Nessos
 10307 | D:14     | Killed Nessos
 10352 | D:14     | Identified the +1 leather armour of Poor Excuses {rF+
                  | Int+2}
 10385 | D:14     | Noticed a two-headed ogre
 10393 | D:14     | Killed a two-headed ogre
 10464 | D:14     | Noticed a catoblepas
 10480 | D:14     | Killed a catoblepas
 10586 | D:14     | Reached XP level 13. HP: 116/118 MP: 1/1
 10604 | D:14     | Reached skill level 15 in Axes
 11650 | D:15     | Entered Level 15 of the Dungeon
 12197 | D:15     | Reached skill level 16 in Axes
 12250 | D:15     | Found a staircase to the Depths.
 12806 | D:15     | Gained mutation: You resist negative energy. (rN+) [Deep
                  | Dwarf growth]
 12806 | D:15     | Reached XP level 14. HP: 55/129 MP: 1/1
 13139 | D:15     | Found a sacrificial altar of Ru.
 13326 | Depths:1 | Entered Level 1 of the Depths
 13423 | D:13     | Found a gate to the Vaults.
 13503 | D:13     | Reached skill level 10 in Fighting
 13577 | D:13     | Reached skill level 17 in Axes
 13760 | D:13     | Found Otaiph's Armour Shoppe.
 13969 | Orc:1    | Entered Level 1 of the Orcish Mines
 14428 | Orc:2    | Entered Level 2 of the Orcish Mines
 14468 | Orc:2    | Found a staircase to the Elven Halls.
 14610 | Orc:2    | Found a gate leading to a gauntlet.
 14841 | Orc:2    | Found Dialol's Magic Scroll Shoppe.
 14942 | Orc:2    | Bought a scroll of enchant weapon for 97 gold pieces
 14942 | Orc:2    | Bought a scroll of teleportation for 39 gold pieces
 14942 | Orc:2    | Bought a scroll of teleportation for 39 gold pieces
 15291 | Orc:1    | Noticed Nergalle
 15302 | Orc:1    | Killed Nergalle
 15707 | Orc:2    | Found Kacviq's Antique Armour Boutique.
 15707 | Orc:2    | Found Zeed's General Store.
 15719 | Orc:2    | Found Nibotab's Book Emporium.
 15719 | Orc:2    | Found Neaty's Assorted Antiques.
 16007 | Elf:1    | Entered Level 1 of the Elven Halls
 16124 | Elf:1    | You fall into a shaft and drop 1 floor!
 16165 | Elf:2    | HP: 2/133 [deep elf archer/arrow (9)]
 16166 | Elf:2    | Shot with an arrow by a deep elf archer

Illustrated notes

Levels and vault maps discovered:
D:1:      dpeg_arrival_pits, layout_loops_corners,
          shapermc_ecumenical_altar_mp_ritualfount
D:2:      layout_rooms, serial_co_window_serial, co_window_of_opportunity_a,
          co_window_of_opportunity_a, co_window_paths_a, co_window_cross_1,
          co_window_paths_b, co_window_corner_ca, co_window_corner_ca,
          co_window_of_opportunity_b, glass_columns_a, glass_columns_b,
          glass_columns_c, glass_columns_a, basic_altar
D:3:      layout_rooms, lightli_temple_of_fire, kennysheep_nondescript
D:4:      layout_basic, mainiacjoe_overflow_catwalk_spiral,
          minmay_temple_entry_wispy, serial_shops, nicolae_lakefront_shop
D:5:      layout_basic, uniq_sigmund
D:6:      layout_layer_cave
D:7:      layout_loops_cross, roderic_lattice_a, chequers_serial_rivers_micro_d
D:8:      layout_basic, fiery_altar_vehumet, minmay_lair_entry_grove,
          nzn_random_ring
D:9:      layout_basic, serial_shops, nicolae_shop_crystal, shop,
          nicolae_shop_trees, shop_statue, shop,
          ploomutoo_gammafunk_ghost_potion_laboratory
D:10:     layout_rooms
D:11:     layout_long_grid, minmay_nine_imps, uniq_josephine
D:12:     layout_roguey, orc_0_dummy, serial_shops, kennysheep_mini, shop, shop,
          shop, shop
D:13:     layout_basic, erik_vaults_2, serial_shops, shop, chequers_arboretum
D:14:     kennysheep_windowed_halls, layout_basic, nzn_hepliaklqana_mist_gate,
          portal_ice_cave_entry_ice_statue_two, uniq_nessos
D:15:     gammafunk_enter_depths_forms, layout_stronghold,
          nicolae_ru_path_of_blood
Orc:1:    layout_caves, uniq_nergalle
Orc:2:    st_orc_elflike, layout_caves, gauntlet_entry_generic, serial_shops,
          shop, nicolae_orc_pool_cavern, nicolae_orc_lava_tube
Elf:1:    layout_loops_cross, lightli_enter_wizlab_magi_temple,
          hangedman_elven_crosses_minicolossus
Elf:2:    nicolae_elf_blades_splatter_lattice [mumra_blade_entry_bloodbath],
          layout_geoelf_grid, special_room [special_room_mythical_zoo],
          lemuel_upstairs_altar
Depths:1: minmay_connected_boxes_in_corner, layout_cave_shapes,
          elyvilon_altar_3, pf_coc_iceberg, serial_shops, nicolae_shop_stone,
          abyss_entry, lemuel_freeze_loot_1, firewood_loft

Skill      XL: |  1  2  3  4  5  6  7  8  9 10 11 12 13 14 |
---------------+-------------------------------------------+-----
Fighting       | 3 4 5 6 7 8 9 10 | 10.6
Axes           | 3 5 7 9 10 13 14 16 17 | 17.8
Shields        | 4 5 6 7 9 10 11 12 | 12.8
Armour         | 4 5 7 8 9 10 11 12 13 | 13.0
Throwing       | 1 |  1.4
Dodging        | 1 2 3 4 |  4.8
Stealth        | 1 2 3 |  3.0
Evocations     | 1 2 3 |  3.0

Action                   |  1- 3 |  4- 6 |  7- 9 | 10-12 | 13-15 || total
-------------------------+-------+-------+-------+-------+-------++-------
Melee: War axe           |   112 |   150 |   303 |   139 |       ||   704
       Battleaxe         |       |       |       |   150 |       ||   150
       Broad axe         |       |       |       |   233 |   607 ||   840
Throw: Boomerang         |       |     4 |       |     1 |       ||     5
Invok: Berserk           |       |       |     6 |    31 |    33 ||    70
       Trog's Hand       |       |       |       |    27 |    45 ||    72
       Brothers in Arms  |       |       |       |     3 |       ||     3
 Abil: Heal Wounds       |     2 |     3 |    12 |    18 |    13 ||    48
Evoke: Wand              |       |       |     5 |     9 |     1 ||    15
       Phantom mirror    |       |       |       |     1 |       ||     1
       Tin of tremorston |       |       |       |       |     2 ||     2
  Use: Potion            |       |     2 |     1 |     8 |     2 ||    13
       Scroll            |       |       |     5 |    25 |     8 ||    38
 Stab: Distracted        |       |       |       |     1 |       ||     1
Armor: Scale mail        |    51 |    63 |    91 |       |       ||   205
       Plate armour      |       |       |   131 |   408 |   325 ||   864
Dodge: Dodged            |    25 |    46 |   115 |   170 |   153 ||   509
Block: Kite shield       |    65 |    73 |   243 |   296 |   374 ||  1051
